 Dungeon Crawl Stone Soup version 0.31.0-9-g3a7656b989 (webtiles) character file.

Game seed: 13992226243035557436

7080 qw the Nimble (level 10, 0/56 HPs)
             Began as a Spriggan Hunter on Feb 3, 2024.
             Was a Priest of Okawaru.
             Killed from afar by an acid dragon (30 damage)
             ... with a splash of acid
             ... on level 8 of the Dungeon.
             The game lasted 00:00:48 (8197 turns).

qw the Nimble (Spriggan Hunter)                     Turns: 8197, Time: 00:00:48

Health: 0/56       AC:  2    Str:  7      XL:     10   Next: 84%
Magic:  12/14      EV: 44    Int: 13      God:    Okawaru [***...]
Gold:   484        SH:  0    Dex: 26 (27) Spells: 9/9 levels left

rFire   . . .        b - +1 orcbow
rCold   . . .        (shield currently unavailable)
rNeg    . . .        c - +0 robe
rPois   .            (helmet restricted)
rElec   .            f - +1 cloak of Duty {Int+3 Dex+3}
rCorr   .            (gloves unavailable)
SInv    +            (boots unavailable)
Will    +....        (no amulet)
Stlth   ++++         o - +5 ring of evasion
HPRegen 0.29/turn    (no ring)
MPRegen 0.14/turn

%: no passive effects
@: lethally poisoned (0 -> -1), heroic, corroded, very quick
A: very small, no large weapons, unfitting armour, see invisible, speed 3,
talons 1, iridescent scales 1, deterioration 1, robust 1, noise suppression
a: Renounce Religion, Heroism


You were on level 8 of the Dungeon.
You worshipped Okawaru.
Okawaru was most pleased with you.
You visited 2 branches of the dungeon, and saw 10 of its levels.

You collected 484 gold pieces.


Innate Abilities, Weirdness & Mutations

You are very small and have problems with some larger weapons.
You are too small for most types of armour.
You have supernaturally acute eyesight. (SInv)
You cover ground extremely quickly. (Speed+++)
You have sharp toenails.
You are partially covered in iridescent scales. (AC +2)
Your body sometimes deteriorates upon taking damage.
You are robust. (+10% HP)
You passively dampen the noise of your surroundings.


   Skills:
 - Level 5.0(10.0) Fighting
 - Level 12.0(17.0) Ranged Weapons
 + Level 13.3(18.3) Dodging
 - Level 1.5(6.5) Stealth
 - Level 4.0 Invocations


You had 9 spell levels left.
You didn't know any spells.
Your spell library was empty.

Inventory:

Hand Weapons
 b - a +1 orcbow (weapon)
Armour
 c - a +0 robe (worn)
 f - the +1 cloak of Duty (worn) {Int+3 Dex+3}
   (You acquired it on level 7 of the Dungeon)

   Int+3:     It affects your intelligence (+3).
   Dex+3:     It affects your dexterity (+3).
 n - the +5 robe of Misfortune {Harm *Corrode *Slow EV+5}
   (You found it on level 5 of the Dungeon)

   EV+5:      It affects your evasion (+5).
   *Corrode:  It may corrode you when you take damage.
   *Slow:     It may slow you when you take damage.
   Harm:      It increases damage dealt and taken.
Jewellery
 o - a +5 ring of evasion (left hand)
Wands
 d - a wand of mindburst (11)
 i - a wand of polymorph (30)
 l - a wand of acid (5)
Potions
 e - 2 potions of enlightenment
 g - a potion of attraction {unknown}
 h - 3 potions of mutation
 j - a potion of resistance {unknown}
 k - a potion of heal wounds
 m - 2 potions of curing

Dungeon Overview and Level Annotations

Branches:
Dungeon (9/15)             Temple (1/1) D:7
   Lair: D:8-11         Orc: D:9-12

Altars:
Ashenzari
Cheibriados
Dithmenos
Elyvilon
Fedhas
Gozag
Hepliaklqana
Kikubaaqudgha
Makhleb
Nemelex Xobeh
Okawaru
Qazlal
Ru
Sif Muna
Trog
Uskayaw
Vehumet
Wu Jian
Xom
Yredelemnul
Zin
The Shining One

Shops:
D:1 *

Annotations:
D:4 1 runed translucent door, Crazy Yiuf


Message History

You are poisoned.
You feel yourself slow down. The acid dragon closely misses you.
The acid dragon completely misses you.
8190 ||| INVOKING Heroism.
You gain the combat prowess of a mighty hero.
You feel very sick. The hornet misses you. The acid dragon spits acid at you.
The splash of acid hits you!! The acid corrodes you!
The hornet stings you but does no damage.
The acid dragon spits acid at you. The splash of acid misses you.
The hornet barely misses you.
You shoot an arrow. The arrow completely misses the hornet.
You feel yourself speed up.
You feel sick. The hornet completely misses you. The acid dragon misses you.
The acid dragon completely misses you.
You shoot an arrow.
The arrow hits the hornet but does no damage.
The hornet is lightly wounded.
You feel sick. The hornet completely misses you.
You shoot an arrow. The arrow hits the hornet!
The hornet is heavily wounded.
The hornet completely misses you. The acid dragon completely misses you.
The acid dragon claws you.
You shoot an arrow. The arrow hits the hornet!!
You kill the hornet!
Okawaru accepts your kill.
You feel sick. The acid dragon completely misses you.
The acid dragon claws you.
8195 ||| DRINKING 2 potions of heal wounds.
You feel much better.
You feel sick.
The acid dragon completely misses you. x2
You shoot an arrow.
The arrow hits the acid dragon but does no damage.
You feel sick.
You shoot an arrow. The arrow hits the acid dragon.
The acid dragon is moderately wounded.
The acid dragon spits acid at you. The splash of acid hits you!!
Ouch! That really hurt!
You die...

...........#..............##.##..
.......#?......###........#..##..
.#.....##......# #.#.........##.#
...............###.##.#.##....))#
.......##.......#.....####.......
.##.....#...............###......
####.#....................#..##..
.###....##.....D.%...........##.#
........##......@............####
.........#.....[..............###
###......................#.....##
#................##...##....###
##...####...................>#
##...##.....................##
##................#.##......#
#.....#..........#.####.#.##
####..###...........# ##.##


You could see an acid dragon (catching breath).

Vanquished Creatures
  A two-headed ogre (D:8)
  Pikel (D:4)
  A manticore (D:6)
  2 hornets
  Grinder (D:3)
  A wraith (D:9)
  6 yaks (D:8)
  Duvessa (D:6)
  2 water moccasins
  5 ice beasts
  3 black bears
  3 orc warriors
  2 sky beasts (D:7)
  An ogre (D:3)
  A lemure (D:4)
  2 centaurs
  2 kobold brigands (D:9)
  A phantom (D:6)
  2 bullfrogs
  6 scorpions
  A wight (D:8)
  Dowan (D:6)
  16 killer bees
  2 bombardier beetles
  A jelly (D:4)
  A gnoll bouda (D:6)
  4 orc priests
  3 hounds
  2 iguanas
  5 orc wizards
  A sleepcap (D:6)
  6 gnolls
  12 adders
  A shadow imp (D:8)
  5 dart slugs
  2 ribbon worms
  15 orcs
  11 endoplasms
  7 giant cockroaches
  7 hobgoblins
  3 jackals (D:1)
  19 kobolds
  3 quokkas
  5 ball pythons
  4 bats
  4 frilled lizards
  11 goblins
  3 rats
199 creatures vanquished.

Vanquished Creatures (others)
  A sky beast (D:8)
1 creature vanquished.

Grand Total: 200 creatures vanquished

Notes
Turn   | Place    | Note
-------+----------+-------------------------------------------
     0 | D:1      | qw the Spriggan Hunter began the quest for the Orb.
     0 | D:1      | Reached XP level 1. HP: 10/10 MP: 2/2
     0 | D:1      | 0 ||| qw: Version: 0.3-a-155-g5e7d8dd
     0 | D:1      | 0 ||| qw: Game counter: 3004
     0 | D:1      | 0 ||| qw: Melee chars always use a shield: true
     0 | D:1      | 0 ||| qw: God list: Okawaru
     0 | D:1      | 0 ||| qw: Allow faded altars: false
     0 | D:1      | 0 ||| qw: Do Orc after clearing Dungeon:15 true
     0 | D:1      | 0 ||| qw: Do second Lair branch before Depths: true
     0 | D:1      | 0 ||| qw: Lair rune preference: random
     0 | D:1      | 0 ||| qw: Goals: Normal
     0 | D:1      | 0 ||| PLANNING D:1-11
    33 | D:1      | Reached skill level 3 in Dodging
    90 | D:1      | Found a faded altar of an unknown god.
   114 | D:1      | Reached XP level 2. HP: 14/14 MP: 3/3
   179 | D:1      | Found Righer's General Store.
   187 | D:1      | 187 ||| SHOPLISTING potion of curing (39 gold, have 11).
   187 | D:1      | 187 ||| SHOPLISTING scroll of enchant armour (97 gold, have
                  | 11).
   290 | D:1      | Reached skill level 4 in Dodging
   321 | D:1      | HP: 3/14 [quokka (1)]
   509 | D:1      | Reached XP level 3. HP: 18/18 MP: 4/4
   884 | D:1      | 884 ||| READING scroll labelled ARILEEHAIGH.
   985 | D:1      | 985 ||| READING scroll labelled JINUNWU GIWE.
   986 | D:1      | 986 ||| READING 3 scrolls labelled HONYZE KIANA.
   987 | D:1      | 987 ||| DRINKING 2 yellow potions.
   987 | D:1      | Gained mutation: You have sharp toenails. [potion of
                  | mutation]
   987 | D:1      | Gained mutation: You have hidden genetic potential. [potion
                  | of mutation]
   987 | D:1      | Gained mutation: Your body sometimes deteriorates upon
                  | taking damage. [potion of mutation]
   987 | D:1      | Gained mutation: You are partially covered in iridescent
                  | scales. (AC +2) [potion of mutation]
   988 | D:1      | 988 ||| DROPPING scroll of butterflies.
   989 | D:1      | 989 ||| DROPPING 2 scrolls of immolation.
  1286 | D:2      | HP: 3/18 [frozen (4)]
  1294 | D:2      | Reached XP level 4. HP: 4/22 MP: 5/5
  1747 | D:2      | Gained mutation: You passively dampen the noise of your
                  | surroundings. [hidden potential]
  2034 | D:2      | 2034 ||| READING scroll labelled HOABBI PYIXIOL.
  2034 | D:2      | 2034 ||| BRANDING +0 shortbow.
  2035 | D:2      | 2035 ||| READING scroll labelled HAWKI FIAXOMO.
  2035 | D:2      | 2035 ||| IDENTIFYING cyan potion
  2036 | D:2      | 2036 ||| DRINKING 2 bubbling puce potions.
  2037 | D:2      | 2037 ||| DROPPING potion of ambrosia.
  2188 | D:3      | Noticed Grinder
  2189 | D:3      | 2189 ||| DRINKING potion of haste.
  2202 | D:3      | Killed Grinder
  2203 | D:3      | Reached skill level 7 in Dodging
  2203 | D:3      | Reached XP level 5. HP: 25/25 MP: 6/6
  2203 | D:3      | Reached XP level 6. HP: 30/30 MP: 7/7
  2214 | D:3      | Gained mutation: You are robust. (+10% HP) [hidden
                  | potential]
  2214 | D:3      | Lost mutation: You have hidden genetic potential. [hidden
                  | potential expressed]
  2733 | D:3      | 2733 ||| DROPPING +6 ring of intelligence.
  2734 | D:3      | 2734 ||| READING 2 scrolls of identify.
  2734 | D:3      | 2734 ||| IDENTIFYING puce potion
  2735 | D:3      | 2735 ||| READING scroll of identify.
  2735 | D:3      | 2735 ||| IDENTIFYING inky potion
  2736 | D:3      | 2736 ||| READING scroll labelled YGASUMUNIE.
  2737 | D:3      | 2737 ||| READING scroll labelled RIPIZX PAUDGHOD.
  2738 | D:3      | 2738 ||| DROPPING potion of brilliance.
  2774 | D:4      | Found an opulent altar of Gozag.
  2826 | D:4      | Noticed Pikel
  2827 | D:4      | 2827 ||| RETREEEEATING.
  2832 | D:4      | 2832 ||| RETREEEEATING.
  2834 | D:4      | 2834 ||| RETREEEEATING.
  2835 | D:4      | 2835 ||| RETREEEEATING.
  2836 | D:4      | 2836 ||| RETREEEEATING.
  2841 | D:4      | 2841 ||| RETREEEEATING.
  2846 | D:4      | 2846 ||| RETREEEEATING.
  2855 | D:4      | Killed Pikel
  2856 | D:4      | Reached XP level 7. HP: 30/38 MP: 8/8
  3019 | D:4      | Found a runed translucent door.
  3020 | D:4      | Noticed Crazy Yiuf
  3167 | D:4      | Found an opulent altar of Gozag.
  3297 | D:4      | Reached XP level 8. HP: 42/42 MP: 9/9
  3403 | D:4      | 3403 ||| READING scroll of identify.
  3403 | D:4      | 3403 ||| IDENTIFYING orange potion
  3404 | D:4      | 3404 ||| DROPPING potion of degeneration.
  3432 | D:5      | Entered Level 5 of the Dungeon
  3489 | D:5      | Reached skill level 8 in Dodging
  3501 | D:5      | Reached skill level 3 in Fighting
  3501 | D:5      | 3501 ||| FLEEEEING.
  3502 | D:5      | 3502 ||| FLEEEEING.
  3503 | D:5      | 3503 ||| FLEEEEING.
  3504 | D:5      | 3504 ||| FLEEEEING.
  3505 | D:5      | 3505 ||| FLEEEEING.
  3614 | D:5      | Found the +5 robe of Misfortune {Harm *Corrode *Slow EV+5}
  3789 | D:5      | Reached skill level 9 in Ranged Weapons
  4183 | D:5      | 4183 ||| READING 2 scrolls of identify.
  4183 | D:5      | 4183 ||| IDENTIFYING green potion
  4184 | D:5      | 4184 ||| READING scroll of identify.
  4184 | D:5      | 4184 ||| IDENTIFYING bubbling purple potion
  4185 | D:5      | 4185 ||| READING 2 scrolls labelled SAGABE ALOG.
  4186 | D:5      | 4186 ||| READING scroll labelled OTSECATEID.
  4189 | D:5      | 4189 ||| DRINKING 3 dark potions.
  4190 | D:5      | 4190 ||| DROPPING potion of invisibility.
  4191 | D:5      | 4191 ||| DROPPING potion of berserk rage.
  4192 | D:5      | 4192 ||| DROPPING scroll of poison.
  4249 | D:6      | Reached skill level 9 in Dodging
  4430 | D:6      | 4430 ||| ZAPPING wand of mindburst (16) at 1,-3 (black
                  | bear; floor).
  4431 | D:6      | 4431 ||| ZAPPING wand of mindburst (15) at 0,-1 (black
                  | bear; floor).
  4789 | D:6      | Noticed Duvessa
  4791 | D:6      | Noticed Dowan
  4802 | D:6      | Killed Duvessa
  4803 | D:6      | 4803 ||| DRINKING potion of haste.
  4815 | D:6      | Killed Dowan
  5015 | D:6      | Reached XP level 9. HP: 30/48 MP: 10/10
  5250 | D:6      | Noticed a manticore
  5253 | D:6      | 5253 ||| FLEEEEING.
  5258 | D:6      | Reached skill level 10 in Dodging
  5277 | D:6      | 5277 ||| READING scroll labelled HEFIEG WUYRATT.
  5371 | D:6      | 5371 ||| ZAPPING wand of mindburst (14) at -1,0 (black
                  | bear; floor).
  5372 | D:6      | 5372 ||| ZAPPING wand of mindburst (13) at -1,0 (black
                  | bear; floor).
  5373 | D:6      | 5373 ||| ZAPPING wand of mindburst (12) at -1,0 (black
                  | bear; floor).
  5393 | D:6      | Killed a manticore
  5780 | D:7      | Reached skill level 11 in Dodging
  5882 | D:7      | Found a staircase to the Ecumenical Temple.
  5883 | D:7      | 5883 ||| PLANNING TEMPLE
  5931 | D:7      | 5931 ||| READING scroll labelled PUYMAF LOYCEI.
  5931 | D:7      | Identified a scroll of acquirement
  5931 | D:7      | 5931 ||| ACQUIRING +1 cloak of Duty {Int+3 Dex+3}
  5931 | D:7      | Acquired the +1 cloak of Duty {Int+3 Dex+3}
  5933 | D:7      | 5933 ||| UPGRADING to +1 cloak of Duty {Int+3 Dex+3}.
  5938 | D:7      | 5938 ||| DRINKING 2 sedimented pink potions.
  5947 | Temple   | Entered the Ecumenical Temple
  5948 | Temple   | 5948 ||| PLANNING OKAWARU WORSHIP
  5971 | Temple   | Became a worshipper of Warmaster Okawaru
  5972 | Temple   | 5972 ||| PLANNING D:1-11
  6362 | D:7      | Reached skill level 12 in Dodging
  6554 | D:8      | 6554 ||| RETREEEEATING.
  6555 | D:8      | 6555 ||| RETREEEEATING.
  6558 | D:8      | 6558 ||| RETREEEEATING.
  6559 | D:8      | 6559 ||| RETREEEEATING.
  6561 | D:8      | Reached * piety under Okawaru
  6563 | D:8      | 6563 ||| INVOKING Heroism.
  6564 | D:8      | 6564 ||| INVOKING Heroism.
  6581 | D:8      | Reached XP level 10. HP: 34/56 MP: 9/11
  6590 | D:8      | Reached skill level 1 in Invocations
  6598 | D:8      | HP: 13/56 [yak (4)]
  6599 | D:8      | 6599 ||| DRINKING 3 potions of heal wounds.
  6766 | D:8      | 6766 ||| RETREEEEATING.
  6785 | D:8      | Reached skill level 3 in Invocations
  6873 | D:8      | Noticed a two-headed ogre
  6874 | D:8      | 6874 ||| INVOKING Heroism.
  6886 | D:8      | Killed a two-headed ogre
  6886 | D:8      | Reached ** piety under Okawaru
  7194 | D:8      | 7194 ||| UPGRADING to +5 ring of evasion.
  7195 | D:8      | 7195 ||| READING scroll of identify.
  7195 | D:8      | 7195 ||| IDENTIFYING black potion
  7196 | D:8      | 7196 ||| DROPPING potion of lignification.
  7214 | D:9      | 7214 ||| STAIRDANCE
  7225 | D:8      | Reached skill level 13 in Dodging
  7296 | D:9      | 7296 ||| STAIRDANCE
  7409 | D:9      | 7409 ||| SWAPPING to +0 orcbow.
  7410 | D:9      | 7410 ||| DROPPING +0 shortbow of draining.
  7650 | D:9      | 7650 ||| RETREEEEATING.
  7673 | D:9      | Reached *** piety under Okawaru
  7760 | D:9      | 7760 ||| READING scroll labelled ZOBADU UDELIBI.
  7760 | D:9      | 7760 ||| ENCHANTING +0 orcbow.
  7818 | D:9      | Reached skill level 12 in Ranged Weapons
  8175 | D:9      | 8175 ||| STAIRDANCE
  8185 | D:9      | 8185 ||| STAIRDANCE
  8190 | D:8      | 8190 ||| INVOKING Heroism.
  8194 | D:8      | HP: 12/56 [acid dragon (5)]
  8195 | D:8      | 8195 ||| DRINKING 2 potions of heal wounds.
  8197 | D:8      | Killed from afar by an acid dragon

Levels and vault maps discovered:
D:1:      sevenhm_arrival_forest_fort_small_4, layout_basic,
          hellmonk_ecumenical_altar_lost_god, serial_shops,
          nicolae_shop_waterfront, minmay_tromino_mix6
D:2:      minmay_recursive_quarters, layout_basic
D:3:      layout_basic, uniq_grinder
D:4:      layout_rooms, grunt_gozag_breadcrumbs, minmay_misc_feat_more_columns,
          grunt_ministairs_7, kennysheep_diamond, uniq_pikel,
          uniq_crazy_yiuf_cottage
D:5:      layout_basic
D:6:      minmay_chambers_of_fours, layout_loops_ring, uniq_duvessa
D:7:      layout_gridville, minmay_temple_entry_proselytizer
D:8:      layout_cave_pools, grunt_ministairs_1
D:9:      layout_long_grid, nicolae_fountain_basement
Temple:   nicolae_temple_the_god_donut

Skill      XL: |  1  2  3  4  5  6  7  8  9 10 |
---------------+-------------------------------+-----
Dodging        | 3 4 7 9 12 13 | 13.3
Ranged Weapons | 5 7 8 10 12 | 12.0
Fighting       | 2 3 4 5 |  5.0
Invocations    | 4 |  4.0
Stealth        | |  1.5

Action                     |  1- 3 |  4- 6 |  7- 9 | 10-12 || total
---------------------------+-------+-------+-------+-------++-------
   Fire: Shortbow          |   129 |   121 |   330 |   100 ||   680
         Orcbow            |       |       |       |   110 ||   110
 Invoke: Heroism           |       |       |     1 |     2 ||     3
  Evoke: Wand              |       |       |     5 |       ||     5
    Use: Scroll            |     3 |     6 |     7 |     2 ||    18
         Potion            |     1 |     2 |     3 |     2 ||     8
 Armour: Robe              |    20 |     6 |    36 |    38 ||   100
  Dodge: Dodged            |    43 |    15 |   140 |   202 ||   400

Table legend:
 A = Non-vault XP
 B = Vault XP
 C = Vault XP percentage of total XP
 D = Non-vault monster count
 E = Vault monster count
 F = Vault count percentage of total count
                 A         B        C        D         E       F
            +---------+---------+-------+---------+---------+-------
      Total |    7459 |    2656 |  26.3 |     165 |      34 |  17.1
            +---------+---------+-------+---------+---------+-------
        D:1 |      44 |       8 |  15.4 |      22 |       3 |  12.0
        D:2 |      31 |      41 |  56.9 |      12 |      10 |  45.5
        D:3 |     246 |     254 |  50.8 |      24 |       1 |   4.0
        D:4 |     129 |     674 |  83.9 |       9 |       7 |  43.8
        D:5 |     648 |       0 |   0.0 |      11 |       0 |   0.0
        D:6 |     790 |    1079 |  57.7 |      18 |       8 |  30.8
        D:7 |    1082 |      41 |   3.7 |       9 |       1 |  10.0
        D:8 |    2860 |     559 |  16.3 |      24 |       4 |  14.3
        D:9 |    1629 |       0 |   0.0 |      36 |       0 |   0.0
            +---------+---------+-------+---------+---------+-------
